 Dungeon Crawl Stone Soup version 0.17-a0-1011-gfa70bdd (webtiles) character file.

4220 Raurakos the Martial Artist (level 10, -4/47 HPs)
             Began as a Vine Stalker Monk on May 13, 2015.
             Was a High Priest of Makhleb.
             Killed by divine providence
             ... invoked by a deep elf priest
              (9 damage)
             ... in a bailey.
             The game lasted 00:39:02 (6697 turns).

Raurakos the Martial Artist (Vine Stalker Monk)     Turns: 6697, Time: 00:39:02

Health: -4/47      AC:  9    Str: 14    XL:     10   Next: 30%
Magic:  0/11       EV: 18    Int: 10    God:    Makhleb [*****.]
Gold:   422        SH:  0    Dex: 20    Spells: 0 memorised, 9 levels left

rFire  . . .     SeeInvis .       - Unarmed
rCold  + . .     Clarity  .     r - +0 ring mail
rNeg   . . .     SustAb   .     (no shield)
rPois  .         Gourm    .     o - +0 helmet
rElec  .         Spirit   +     l - +0 cloak
rCorr  .         Warding  .     k - +1 pair of gloves
rMut   .         Stasis   .     (no boots)
MR     +....                    (no amulet)
Stlth  ++........               m - ring of protection from cold
                                (no ring)

@: somewhat resistant to hostile enchantments, unstealthy
A: fangs 3, regeneration 2, magic shield, antimagic bite, no device heal 3, rot
immunity
a: Minor Destruction, Lesser Servant of Makhleb, Major Destruction, Greater
Servant of Makhleb, Renounce Religion


You were in a bailey.
You worshipped Makhleb.
Makhleb was extremely pleased with you.
You were hungry.

You visited 2 branches of the dungeon, and saw 11 of its levels.
You also visited: Ossuary and Bailey.

You collected 422 gold pieces.

Inventory:

Missiles
 c - 16 stones (quivered)
 n - a throwing net
Armour
 k - a +1 pair of gloves (worn)
 l - a +0 cloak (worn)
 o - a +0 helmet (worn)
 r - a +0 ring mail (worn)
Jewellery
 e - an uncursed ring of fire
 m - a ring of protection from cold (right hand)
 q - an uncursed ring of positive energy {unknown}
Magical devices
 d - a wand of frost (16)
 j - a wand of slowing (28)
 p - a wand of teleportation (7)
 t - a wand of draining (5)
 y - a wand of digging (15)
 J - a wand of lightning (9)
 L - a wand of flame (29)
Scrolls
 i - a scroll of enchant armour
 s - a scroll of teleportation
 C - a scroll of fog
 E - a scroll of blinking
 F - a scroll of magic mapping
 H - a scroll of amnesia {unknown}
 K - a scroll of enchant weapon {unknown}
Potions
 a - 2 potions of lignification
 u - a potion of might {unknown}
 v - a potion of magic {unknown}
 w - a potion of brilliance {unknown}
 x - 5 potions of curing
 z - 2 potions of resistance {unknown}
 B - a potion of berserk rage {unknown}
 D - a potion of haste {unknown}
 G - a potion of agility {unknown}
Books
 h - a book of Hinderance

   Spells                             Type                      Level
   a - Confusing Touch                Hexes                        2
   b - Confuse                        Hexes                        3
   c - Gell's Gravitas                Hexes/Translocation          3
   d - Petrify                        Transmutation/Earth          4
   e - Metabolic Englaciation         Hexes/Ice                    5
Comestibles
 b - 5 bread rations
 f - a slice of pizza
 g - 3 beef jerkies


   Skills:
 - Level 2.6 Fighting
 - Level 10.0 Dodging
 - Level 2.4 Stealth
 - Level 10.0 Unarmed Combat
 + Level 0.0 Invocations


You had 9 spell levels left.
You didn't know any spells.

Dungeon Overview and Level Annotations

Branches:
Dungeon (10/15)            Temple (1/1) D:7
   Lair: D:8-11         Orc: D:9-12

Altars:
Ashenzari
Cheibriados
Dithmenos
Elyvilon
Fedhas
Gozag
Kikubaaqudgha
Makhleb
Nemelex Xobeh
Okawaru
Qazlal
Ru
Trog
Vehumet
Xom
Yredelemnul
Zin

Annotations:
D:4 Grinder


Innate Abilities, Weirdness & Mutations

You have razor-sharp teeth.
You heal very quickly.
When hurt, damage is shared between your health and your magic reserves.
Your bite disrupts and absorbs the magic of your enemies.
Potions and wands cannot restore your health.
You are immune to rotting.


Message History

Orders for allies: a - Attack new target. p - Attack previous target. r - Retreat! s - Stop attacking. w - Wait here. f - Follow me.
Anything else - Stay silent.
Gang up on whom?
Press: ? - help, Dir - move target cursor, f/p - deep elf priest
Aim: a deep elf priest, wielding a scimitar of electrocution (lightly wounded) Attack!
You hear a shout!
Your hellwing barely misses the deep elf priest. x2
The deep elf priest closely misses your hellwing.
Your hellwing gestures at the deep elf priest.
The deep elf priest resists with almost no effort.
Your hellwing blocks the deep elf priest's attack.
Your hellwing disappears in a puff of smoke!
The deep elf priest hits your neqoxec with a scimitar of electrocution.
Your neqoxec hits the deep elf priest.
The deep elf priest calls down the wrath of its god upon you.
Something smites you!
You die...

#. #####e
##....#
#...e.#
#e.∩..#
#.....#
###ee.#
##..##e####
#..).##3.@##
#....#.....#
##..##..∩..#
######...##
#####


You could see a deep elf priest and a friendly neqoxec.

Vanquished Creatures
  Sigmund (D:4)
  A deep elf fighter (Bailey)
  A hippogriff (D:7)
  A hungry ghost (D:7)
  4 humans
  The ghost of namelastname112 the Sneak, an average DrEn of Gozag (D:4)
  2 sky beasts
  A phantom (D:6)
  3 ogres
  3 orc warriors
  2 ice beasts
  2 centaurs
  A giant frog (D:9)
  3 water moccasin zombies (Ossuary)
  A scorpion (D:5)
  5 wights (D:6)
  A centaur zombie (D:6)
  4 orc priests (D:9)
  A giant frog zombie (D:4)
  3 hounds
  A crimson imp (D:6)
  2 jellies
  An iguana (D:4)
  2 giant frog skeletons (D:4)
  5 orc wizards
  A killer bee zombie (D:6)
  5 worker ants
  2 big kobold zombies (Ossuary)
  2 mummies (Ossuary)
  A gnoll (D:3)
  8 adders
  2 oozes
  2 adder zombies (Ossuary)
  5 worms
  6 giant geckos
  27 orcs
  A ball python (D:2)
  7 giant cockroaches
  2 gnoll zombies (Ossuary)
  11 hobgoblins
  3 quokkas
  13 bats
  6 giant newts
  20 goblins
  3 hobgoblin zombies (Ossuary)
  16 kobolds
  6 kobold zombies (Ossuary)
  5 orc zombies (Ossuary)
  12 rats
  A butterfly (D:7)
219 creatures vanquished.

Vanquished Creatures (collateral kills)
  The ghost of Gorice the Stinger, an experienced OpVM of Sif Muna (Bailey)
  An orc warrior (D:7)
  An orc priest (D:7)
  A giant frog skeleton (D:7)
  2 orcs (D:7)
  A bat (D:7)
  3 butterflies (D:7)
10 creatures vanquished.

Vanquished Creatures (others)
  5 ufetubi (D:7)
5 creatures vanquished.

Grand Total: 234 creatures vanquished

Notes
Turn   | Place    | Note
--------------------------------------------------------------
     0 | D:1      | Raurakos the Vine Stalker Monk began the quest for the Orb.
     0 | D:1      | Reached XP level 1. HP: 11/11 MP: 2/2
   245 | D:1      | Reached XP level 2. HP: 16/16 MP: 3/3
   599 | D:1      | Reached XP level 3. HP: 19/19 MP: 4/4
   815 | D:1      | Reached skill level 5 in Unarmed Combat
  1090 | D:2      | Found a basalt altar of Yredelemnul.
  1110 | D:2      | Reached XP level 4. HP: 8/23 MP: 5/5
  1504 | D:2      | Found a radiant altar of Vehumet.
  1820 | D:3      | Found a blossoming altar of Fedhas.
  1855 | D:3      | Noticed a moth of wrath
  1858 | D:3      | Found a bloodstained altar of Trog.
  2101 | D:3      | Found a snail-covered altar of Cheibriados.
  2123 | D:3      | Reached skill level 6 in Unarmed Combat
  2259 | D:3      | Reached XP level 5. HP: 27/27 MP: 6/6
  2342 | D:3      | Found a burning altar of Makhleb.
  2345 | D:3      | Found a shadowy altar of Dithmenos.
  2347 | D:3      | Found a shattered altar of Ashenzari.
  2350 | D:3      | Became a worshipper of Makhleb the Destroyer
  2350 | D:3      | Acquired Makhleb's first power
  2350 | D:3      | Acquired Makhleb's second power
  2560 | D:4      | Noticed Sigmund
  2593 | D:4      | Noticed namelastname112's ghost (average DrEn)
  2780 | D:4      | Killed Sigmund
  2780 | D:4      | Reached skill level 7 in Unarmed Combat
  2780 | D:4      | Gained mutation: You heal very quickly. [Vine Stalker growth]
  2780 | D:4      | Reached XP level 6. HP: 11/32 MP: 3/7
  3271 | D:4      | Noticed Grinder
  3321 | D:4      | Noticed an ogre
  3339 | D:4      | Killed an ogre
  3339 | D:4      | Reached skill level 8 in Unarmed Combat
  3339 | D:4      | Reached XP level 7. HP: 32/35 MP: 8/8
  3478 | D:4      | Killed namelastname112's ghost
  3486 | D:4      | Reached skill level 9 in Unarmed Combat
  3946 | D:5      | Entered Level 5 of the Dungeon
  3968 | D:5      | Found a sand-covered staircase.
  3987 | D:5      | Gained mutation: You have razor-sharp teeth. [Vine Stalker growth]
  3987 | D:5      | Reached XP level 8. HP: 31/39 MP: 7/9
  4042 | Ossuary  | Entered an ossuary
  4062 | Ossuary  | Acquired Makhleb's third power
  4088 | Ossuary  | Reached skill level 10 in Unarmed Combat
  4391 | D:5      | Gained mutation: Scrolls take you a little longer to read. [potion of mutation]
  4391 | D:5      | Gained mutation: Scrolls take you longer to read. [potion of mutation]
  4391 | D:5      | Lost mutation: Scrolls take you longer to read. [potion of mutation]
  4392 | D:5      | Lost mutation: Scrolls take you a little longer to read. [potion of cure mutation]
  4692 | D:6      | Reached skill level 5 in Dodging
  4745 | D:5      | Reached XP level 9. HP: 30/43 MP: 10/10
  4838 | D:6      | Got a crystal dagger {venom}
  4839 | D:6      | Identified the +10 dagger of Duty {venom, rElec rN+ Int+4 Dex-5} (You took it off a wight on level 6 of the Dungeon)
  4853 | D:6      | Found a glowing silver altar of Zin.
  4875 | D:6      | Acquired Makhleb's fourth power
  5518 | D:7      | Found an iron altar of Okawaru.
  5559 | D:7      | Found a staircase to the Ecumenical Temple.
  5616 | Temple   | Entered the Ecumenical Temple
  6177 | D:7      | Reached XP level 10. HP: 47/47 MP: 11/11
  6266 | D:7      | You fall through a shaft for 2 floors!
  6276 | D:9      | Found a stormy altar of Qazlal.
  6337 | D:10     | Entered Level 10 of the Dungeon
  6489 | D:9      | Acquired Makhleb's fifth power
  6614 | D:8      | Found a flagged portal.
  6632 | Bailey   | Entered a bailey
  6665 | Bailey   | Noticed Gorice's ghost (experienced OpVM)
  6688 | Bailey   | Killed Gorice's ghost
  6688 | Bailey   | Reached skill level 10 in Dodging
  6690 | Bailey   | HP: 1/47 [deep elf priest/divine providence (6)]
  6697 | Bailey   | Killed from afar by a deep elf priest

Vault maps used:
D:1:      lemuel_arrival_tunnels, grunt_decor_arrowhead, kennysheep_small_spiral
D:2:      lemuel_coloured_pillars_altar, nicolae_overflow_crystal_walls,
          minmay_circled_x
D:3:      cheibriados_altar_wand_db, grunt_temple_overflow_open, tgw_trog,
          fedhas_altar_4
D:4:      first_bread, uniq_grinder, uniq_sigmund
D:5:      nicolae_ossuary_entry_false_entrances, due_unseen_surprise
D:6:      kennysheep_mini_moat, minmay_ruffians
D:7:      minmay_temple_entry_butterflies, basic_altar
D:8:      lemuel_ice_spiral_2, led_sif_book, lair_0_dummy, enter_bailey_3
D:9:      grunt_qazlal_clouds, nicolae_tso_carved_into_rock, hiddenorc2_lemuel
D:10:     hex_tiny
Temple:   minmay_temple_curvy_8
Ossuary:  ossuary_tomb_2
Bailey:   bailey_polearm_3, bailey

Action                   |  1- 3 |  4- 6 |  7- 9 | 10-12 || total
-------------------------+-------+-------+-------+-------++-------
Melee: Unarmed           |    98 |   136 |   405 |    91 ||   730
Throw: Stone             |    17 |    47 |     2 |       ||    66
Invok: Minor Destruction |       |    19 |    14 |     1 ||    34
       Lesser Servant of |       |       |     3 |     2 ||     5
Evoke: Wand              |       |       |       |     1 ||     1
  Use: Scroll            |     2 |     6 |     7 |     4 ||    19
       Potion            |       |       |     3 |       ||     3
 Stab: Sleeping          |     1 |     2 |     3 |       ||     6
       Distracted        |       |       |     3 |       ||     3
  Eat: Chunk             |     1 |     7 |    10 |     2 ||    20
